 Dungeon Crawl Stone Soup version 0.18-a0-1014-g3bbf375 (webtiles) character file.

308541 nubinia the Sorcerer (level 20, 103/103 HPs)
             Began as a Deep Elf Ice Elementalist on Oct 29, 2015.
             Was the Champion of Sif Muna.
             Quit the game on level 3 of the Vaults on Jan 6, 2016.
             The game lasted 11:02:33 (71404 turns).

nubinia the Sorcerer (Deep Elf Ice Elementalist)   Turns: 71404, Time: 11:02:33

Health: 103/103    AC: 22    Str:  5    XL:     20   Next: 35%
Magic:  55/59      EV: 28    Int: 25    God:    Sif Muna [******]
Gold:   3198       SH:  7    Dex: 22    Spells: 20 memorised, 0 levels left

rFire  . . .     SeeInvis +     b - +1 long sword (protect)
rCold  . . .     Gourm    .     K - +2 robe {rN+}
rNeg   + + +     Faith    .     o - +1 buckler {AC+3}
rPois  +         Spirit   .     h - +2 hat {SInv}
rElec  +         Dismiss  +     k - +2 cloak
rCorr  .         Reflect  .     y - +1 pair of gloves
SustAt .         Harm     .     T - +1 pair of boots
MR     ++...     Clarity  +     e - amulet of Cekugob {Dismiss -Tele rElec rPois rN++ AC+1 EV+1}
Stlth  +++++..... NoTele   +    r - ring of magical power
                                S - +4 ring of evasion

@: deflect missiles, very resistant to hostile enchantments, quite stealthy
A: antennae 1, thin skeletal structure 1, clarity
a: Channel Energy, Forget Spell, Renounce Religion
}: 2/15 runes: barnacled, gossamer


You were on level 3 of the Vaults.
You worshipped Sif Muna.
Sif Muna was exalted by your worship.
You were not hungry.

You visited 8 branches of the dungeon, and saw 41 of its levels.
You also visited: Labyrinth, Ossuary, Ice Cave and Wizlab.

You collected 5339 gold pieces.
You spent 2141 gold pieces at shops.

Inventory:

Hand Weapons
 a - the +7 mace of Painful Death {venom, Str+5 Int+3}
   (You found it on level 4 of the Dungeon)

   It poisons the flesh of those it strikes.
   It affects your strength (+5).
   It affects your intelligence (+3).
 b - a +1 long sword of protection (weapon)
 w - a +2 blowgun
Missiles
 j - 10 curare-tipped needles
Armour
 h - a +2 hat of see invisible (worn)
 k - a +2 cloak (worn)
 o - a +1 buckler of protection (worn)
 y - a +1 pair of gloves (worn)
 K - a +2 robe of positive energy (worn)
 T - a +1 pair of boots (worn)
Jewellery
 e - the amulet of Cekugob (around neck) {Dismiss -Tele rElec rPois rN++ AC+1 EV+1}
   (You found it in a labyrinth)

   [amulet of dismissal]

   It may teleport away creatures that harm you.
   It affects your AC (+1).
   It affects your evasion (+1).
   It insulates you from electricity.
   It protects you from poison.
   It greatly protects you from negative energy.
   It prevents most forms of teleportation.
 g - the amulet of the Air {Inacc +Fly rElec EV+5 RMsl}
   (You found it in a labyrinth)

   [amulet of inaccuracy]

   It reduces the accuracy of all your attacks.
   It affects your evasion (+5).
   It insulates you from electricity.
   It lets you fly.
   It protects you from missiles.
 n - an uncursed ring of protection from cold
 r - a ring of magical power (right hand)
 C - an uncursed ring of protection from fire
 N - an uncursed ring of teleportation
 S - a +4 ring of evasion (left hand)
Wands
 d - a wand of cold (7/15)
 u - a wand of lightning (8/15)
 E - a wand of fire (10/15)
 I - a wand of heal wounds (3/9)
 J - a wand of digging (6/24)
 O - a wand of teleportation (7/9)
 R - a wand of invisibility (3/9)
 V - a wand of draining (3/15)
Scrolls
 f - 4 scrolls of identify
 i - 6 scrolls of teleportation
 p - a scroll of holy word
 s - 14 scrolls of remove curse
 A - a scroll of fear
 F - 2 scrolls of blinking
 Q - a scroll of fog
 Y - 4 scrolls of recharging
Potions
 m - 4 potions of brilliance
 q - 2 potions of flight
 z - 3 potions of resistance
 B - a potion of invisibility
 D - 4 potions of heal wounds
 H - 2 potions of might
 M - 5 potions of haste
 P - 8 potions of curing
 W - a potion of cancellation
 X - a potion of magic
 Z - 2 potions of agility
Books
 G - a book of the Sky

   Spells                             Type                      Level
   a - Summon Lightning Spire         Summoning/Air                4
   b - Airstrike                      Air                          4
   c - Silence                        Hexes/Air                    5
   d - Deflect Missiles               Charms/Air                   6
   e - Conjure Ball Lightning         Conjuration/Air              6
   f - Tornado                        Air                          9
Miscellaneous
 l - a sack of spiders {used: 2}
 t - a fan of gales
 v - a phantom mirror
 x - a lamp of fire
 L - a stone of tremors
Comestibles
 c - 18 bread rations


   Skills:
 + Level 3.9 Fighting
   Level 0.2(0.8) Short Blades
 + Level 1.1(1.2) Long Blades
 - Level 0.1 Maces & Flails
 + Level 2.7 Throwing
 + Level 2.9 Armour
 + Level 10.8 Dodging
 + Level 7.9 Stealth
 + Level 4.0 Shields
 * Level 24.4 Spellcasting
 + Level 16.1 Conjurations
 + Level 7.0 Hexes
 + Level 14.4 Charms
 + Level 14.0 Summonings
 * Level 4.3 Necromancy
 + Level 9.3 Translocations
 + Level 13.1 Ice Magic
 + Level 6.4 Air Magic
 + Level 7.7 Invocations


You couldn't memorise any spells.
You knew the following spells:

 Your Spells              Type           Power        Failure   Level  Hunger
a - Magic Dart            Conj           ####         0%          1    None
b - Airstrike             Air            ######....   1%          4    None
c - Mephitic Cloud        Conj/Pois/Air  ######..     1%          3    None
d - Call Canine Familiar  Summ           #######.     0%          3    None
e - Deflect Missiles      Chrm/Air       ######....   2%          6    None
f - Freeze                Ice            ####         0%          1    None
g - Shroud of Golubria    Chrm/Tloc      ######....   0%          2    None
h - Swiftness             Chrm/Air       ######..     1%          2    None
i - Iskenderun's Battles  Conj/Chrm      #######.     1%          5    None
j - Summon Lightning Spi  Summ/Air       ######..     1%          4    None
k - Freezing Cloud        Conj/Ice/Air   ######....   1%          6    None
l - Summon Guardian Gole  Hex/Summ       ######..     1%          3    None
m - Summon Butterflies    Summ           #######.     0%          1    None
n - Monstrous Menagerie   Summ           #######...   3%          7    ###....
o - Ozocubu's Armour      Chrm/Ice       #######.     0%          3    None
p - Dazzling Spray        Conj/Hex       ######..     1%          3    None
q - Summon Ice Beast      Ice/Summ       #######.     1%          4    None
C - Control Undead        Necr           ######....   1%          4    None
D - Animate Dead          Necr           N/A          1%          4    None
S - Animate Skeleton      Necr           N/A          1%          1    None


Dungeon Overview and Level Annotations

Branches:
Dungeon (14/15)            Temple (0/1) D:4            Lair (8/8) D:9
 Shoals (4/4) Lair:5       Spider (4/4) Lair:4        Slime (0/6) Lair:7
    Orc (4/4) D:9             Elf (3/3) Orc:4        Vaults (3/5) D:14
  Crypt (1/3) Vaults:2

Altars:
Dithmenos
Elyvilon
Fedhas
Gozag
Makhleb
Okawaru
Qazlal
Ru
Sif Muna
Trog
Vehumet
Xom
Yredelemnul
Zin
The Shining One
Beogh

Shops:
D:9 *   Orc:4 [**=   Shoals:4 [   Vaults:2 }   Vaults:3 :%

Annotations:
Elf:2 1 runed door
Crypt:1 mara!, Mara


Innate Abilities, Weirdness & Mutations

You have a pair of small antennae on your head.
You have a somewhat thin skeletal structure (Dex +2, Stealth).
You possess an exceptional clarity of mind.


Message History

You swap places.
Found a robe.
Found a leather armour.
G - a book of the Sky
Okay, then.
A brown very ugly thing comes into view.
The brown very ugly thing gurgles horribly! 2 ugly things come into view.
Casting: Animate Dead
Confirm with . or Enter, or press ? or * to list all spells.
Aiming: Summon Lightning Spire
Press: ? - help, Dir - move target cursor An electric hum fills the air.
The brown ugly thing basks in the mutagenic energy from its kin and changes! x2
The brown very ugly thing basks in the mutagenic energy from its kin and changes!
A ghost comes into view. It is wielding a short sword.
Welcome back, nubinia the Deep Elf Ice Elementalist.
Sif Muna whispers: I know many secrets...
Press ? for a list of commands and other information.
Are you sure you want to abandon this character and quit the game? (Confirm with "yes".)

#..........#
#..........
#..........
#..........
#..........
#..........
#..........
#######ZZ........
.u.....@Z........
u................
u..[...8.........
.................
.................
.................
..............[..
..W.........$...


You could see a cyan very ugly thing, 2 ugly things, a ghost, a friendly
lightning spire, a friendly harpy zombie, a friendly harpy skeleton and a
friendly elf skeleton.

Vanquished Creatures
  Nikola (Shoals:2)
  An Ice Fiend (IceCv)
  3 deep elf blademasters (Elf:3)
  2 deep elf master archers (Elf:3)
  A kraken (Shoals:4)
  Roxanne (Elf:1)
  Aizul (Shoals:2)
  A ghost moth (Spider:4)
  A vault warden (Vaults:1)
  3 emperor scorpions
  A ghoul (Crypt:1)
  4 ironheart preservers
  9 deep elf annihilators (Elf:3)
  Azrael (Orc:4)
  5 deep elf demonologists (Elf:3)
  2 vault guards (Vaults:1)
  5 deep elf death magi (Elf:3)
  A minotaur (Lab)
  4 merfolk impalers
  3 deep elf high priests
  A great orb of eyes (Vaults:2)
  A yaktaur captain (Vaults:3)
  2 entropy weavers
  Harold (Lair:4)
  7 hydras
  6 centaur warriors
  16 dancing weapons (Elf:2)
  10 ogre magi
  A merfolk avatar (Shoals:4)
  2 merfolk aquamancers (Shoals:3)
  2 alligator snapping turtles (Shoals:2)
  A satyr (Shoals:3)
  5 death yaks
  Urug (Orc:3)
  24 deep elf knights
  A storm dragon zombie (Crypt:1)
  Nergalle (Orc:2)
  A skeletal warrior (Crypt:1)
  A shadow wraith (Vaults:3)
  An unseen horror (shapeshifter) (D:14)
  A fire crab (Lair:6)
  2 ice devils (IceCv)
  A deep troll (Vaults:1)
  10 sea snakes
  A necromancer (Vaults:2)
  7 removed MONS_DEEP_ELF_SUMMONERs
  11 removed MONS_DEEP_ELF_CONJURERs
  5 unseen horrors
  4 orc knights
  15 orb spiders
  7 hill giants
  12 ugly things
  A harpy (shapeshifter) (D:14)
  7 ironbrand convokers
  9 harpies
  2 phantasmal warriors
  28 wolf spiders
  2 fauns (Shoals:3)
  4 elephants (Lair:8)
  2 moths of wrath
  7 cyclopes
  3 orc sorcerers
  5 manticores
  2 water nymphs (Shoals:4)
  6 griffons
  7 hornets
  An oklob plant (Shoals:2)
  5 vault sentinels
  2 moths of wrath (shapeshifter) (D:14)
  6 sirens
  An octopode (shapeshifter) (D:14)
  2 centaur zombies
  A faun (shapeshifter) (Elf:1)
  2 black mambas (shapeshifter)
  An ice statue (IceCv)
  4 gargoyles
  14 spiny frogs
  5 centaur skeletons
  5 black mambas
  6 komodo dragons
  11 demonic crawlers
  A kobold demonologist (WizLab)
  A golden dragon simulacrum (IceCv)
  2 tengu conjurers (D:14)
  24 jumping spiders
  22 yaktaurs
  2 anaconda simulacra (IceCv)
  20 removed MONS_DEEP_ELF_PRIESTs
  5 fire drakes
  5 freezing wraiths
  3 red devils (D:12)
  21 merfolk
  4 trolls
  2 polar bears
  19 two-headed ogres
  14 slime creatures
  Prince Ribbit (D:6)
  4 wind drakes
  2 bog bodies (Crypt:1)
  3 boulder beetles
  8 blink frogs (Lair:5)
  44 redbacks
  2 shadows
  5 snapping turtles
  2 vampires (Crypt:1)
  28 tarantellas
  18 trapdoor spiders
  10 water elementals
  A ynoxinul (WizLab)
  39 deep elf magi
  A basilisk (shapeshifter) (Vaults:1)
  3 fire elementals
  A wraith (D:13)
  A yak (shapeshifter) (Elf:3)
  A human (D:7)
  5 vampire mosquitoes
  Eustachio (D:6)
  A hog (D:7)
  24 yaks
  11 hippogriffs
  34 removed MONS_DEEP_ELF_FIGHTERs
  3 wyverns
  2 hungry ghosts
  4 mottled dragons
  5 wargs
  A harpy simulacrum (IceCv)
  4 soldier ants (Spider:1)
  A steam dragon (Lair:8)
  17 water moccasins
  10 porcupines
  14 wolves
  7 ice beasts
  3 iron troll simulacra (IceCv)
  35 orc warriors
  A phantom (D:10)
  3 hell hounds
  5 sky beasts
  38 spiders
  An eye of draining (D:9)
  6 wasps
  A black bear (D:12)
  46 ogres
  2 boggarts (Vaults:1)
  6 centaurs
  2 ettin simulacra
  17 crocodiles
  3 big kobolds
  21 giant frogs
  An elf zombie (Ossuary)
  A removed MONS_BRAIN_WORM (D:13)
  A wyvern skeleton (D:10)
  A gnoll sergeant (D:6)
  3 scorpions
  A warg zombie (Crypt:1)
  5 jellies
  7 killer bees
  3 electric eels (D:7)
  12 wights
  4 crimson imps
  A lava snake (D:11)
  36 orc priests
  3 giant frog skeletons
  8 iguanas
  6 hounds
  A human zombie (Ossuary)
  37 orc wizards
  33 worker ants
  A troll simulacrum (IceCv)
  A killer bee zombie (D:9)
  22 sheep
  A centaur simulacrum (IceCv)
  3 wolf simulacra (IceCv)
  A mummy (Ossuary)
  3 naga simulacra (IceCv)
  12 adders
  5 gnolls
  11 white imps
  An ogre simulacrum (IceCv)
  18 river rats
  3 shadow imps
  2 ufetubi (IceCv)
  2 adder zombies (Ossuary)
  A worm (D:2)
  2 adder skeletons
  5 giant geckos
  233 orcs
  2 ball pythons
  4 bats
  7 giant cockroaches
  10 goblins
  9 hobgoblins
  21 kobolds
  5 quokkas
  A giant gecko zombie (D:5)
  3 giant newts
  2 goblin zombies (Ossuary)
  16 hobgoblin zombies (Ossuary)
  4 jackal zombies
  9 kobold zombies (Ossuary)
  3 orc zombies (Ossuary)
  A quokka zombie (D:5)
  11 rats
  4 crawling corpses (Elf:1)
  2 plants (Shoals:4)
1620 creatures vanquished.

Vanquished Creatures (collateral kills)
  Saint Roka (D:14)
  Rupert (Lair:3)
  A deep elf blademaster (Elf:3)
  A kraken (Shoals:4)
  The ghost of cireshan the Eclecticist, an adept DECj of Sif Muna (Spider:4)
  Ilsuiw (Shoals:4)
  A vault warden (Vaults:1)
  Wiglaf (Vaults:3)
  The ghost of youngkai the Executioner, a journeyman MiBe of Trog (Orc:4)
  A deep elf sorcerer (Elf:1)
  A ghost moth (Spider:4)
  Louise (Elf:3)
  4 emperor scorpions
  A ghoul (Crypt:1)
  A stone giant (Vaults:2)
  The ghost of emiel the Cleaver, a journeyman DsWz of Cheibriados (Spider:1)
  An ironheart preserver (Vaults:1)
  2 deep elf annihilators
  6 merfolk javelineers
  Snorg (Lair:6)
  A vault guard (Vaults:1)
  4 deep elf death magi
  3 merfolk impalers (Shoals:4)
  3 fire dragons
  2 jiangshi (Crypt:1)
  A yaktaur captain (Vaults:2)
  2 hydras
  A catoblepas (Lair:8)
  2 entropy weavers (Spider:3)
  A centaur warrior (Vaults:1)
  A rakshasa (Vaults:2)
  4 merfolk aquamancers (Shoals:4)
  A queen ant (Spider:1)
  A tengu warrior (D:13)
  5 death yaks
  An ogre mage (Vaults:2)
  A deep troll earth mage (Vaults:1)
  A vampire mage (Crypt:1)
  Sonja (D:12)
  3 ice devils (IceCv)
  5 skeletal warriors
  3 deep elf knights
  4 sea snakes
  A deep troll (Vaults:1)
  A wizard (Vaults:1)
  A giant orange brain (Vaults:1)
  A removed MONS_DEEP_ELF_SUMMONER (Elf:1)
  A deep elf archer (Vaults:3)
  A necromancer (Vaults:1)
  3 ironbrand convokers
  5 harpies
  4 orc knights
  3 orb spiders
  A phantasmal warrior (Vaults:2)
  6 wolf spiders
  5 ugly things
  3 water nymphs
  4 slime creatures
  A frost giant zombie (Vaults:2)
  4 griffons
  2 manticores (Shoals:4)
  4 fauns (Shoals:3)
  A vault sentinel (Vaults:3)
  2 cyclopes
  A hornet (Spider:4)
  2 black mambas
  6 sirens
  A centaur zombie (D:14)
  9 elephants
  A torpor snail (Spider:4)
  6 spiny frogs
  A spiny frog (shapeshifter) (Vaults:2)
  2 anaconda simulacra (IceCv)
  3 freezing wraiths
  A guardian serpent (Lair:8)
  2 fire drakes
  7 komodo dragons
  A demonic crawler (Spider:4)
  A yaktaur (Vaults:2)
  14 merfolk
  A red devil (D:12)
  3 jumping spiders
  2 polar bears
  A blink frog (shapeshifter) (D:14)
  10 blink frogs
  A frost giant simulacrum (Vaults:2)
  3 snapping turtles
  2 two-headed ogres
  A boulder beetle (Vaults:2)
  4 deep elf magi
  2 tarantellas
  4 redbacks
  32 yaks
  2 trapdoor spiders (Spider:4)
  A wyvern (Lair:8)
  A dire elephant simulacrum (IceCv)
  4 water elementals (Shoals:4)
  6 basilisks
  A death yak simulacrum (IceCv)
  2 vampire mosquitoes (Vaults:1)
  A mottled dragon (Vaults:1)
  8 wolves
  4 wargs
  5 hippogriffs
  2 iron troll simulacra (IceCv)
  2 harpy simulacra (IceCv)
  6 orc warriors
  A wasp (Lair:8)
  2 soldier ants (Spider:1)
  12 water moccasins
  A spider (Spider:4)
  4 porcupines
  A human zombie (Vaults:2)
  2 swamp drakes (Lair:8)
  An ettin simulacrum (Vaults:2)
  9 ogres
  2 giant frogs
  14 crocodiles
  A human skeleton (Vaults:2)
  A draconian simulacrum (IceCv)
  2 jellies (Lair:7)
  An orc priest (Orc:4)
  2 orc wizards
  An iguana (Lair:2)
  A spriggan simulacrum (IceCv)
  8 sheep
  6 worker ants
  A hell rat (Lair:3)
  A killer bee zombie (D:9)
  2 centaur simulacra (IceCv)
  5 adders (Lair:8)
  A naga simulacrum (IceCv)
  15 river rats
  6 white imps
  2 ufetubi (IceCv)
  5 orcs
  A kobold (D:12)
  A fungus (Lair:8)
  2 plants (Lair:8)
  4 tentacles (Shoals:4)
421 creatures vanquished.

Vanquished Creatures (others)
  An emperor scorpion (Spider:2)
  A merfolk impaler (Shoals:4)
  A rakshasa (Vaults:2)
  A sea snake (Shoals:4)
  A moth of wrath (Spider:4)
  A yaktaur (Vaults:2)
  A water elemental (Shoals:4)
  A hound (D:4)
  4 worker ants (D:4)
  An orc wizard (D:4)
  An adder (D:4)
  An ufetubus (IceCv)
  3 giant geckos (D:4)
  An orc (D:9)
  A giant cockroach (D:4)
  50 fungi
  87 plants
  20 tentacles (Shoals:4)
  756 tentacle segments (Shoals:4)
933 creatures vanquished.

Grand Total: 2974 creatures vanquished

Notes
Turn   | Place    | Note
--------------------------------------------------------------
     0 | D:1      | nubinia the Deep Elf Ice Elementalist began the quest for the Orb.
     0 | D:1      | Reached XP level 1. HP: 10/10 MP: 6/6
   356 | D:1      | Reached XP level 2. HP: 15/15 MP: 5/8
   386 | D:1      | Learned a level 2 spell: Throw Frost
   594 | D:2      | Reached skill level 4 in Ice Magic
   750 | D:2      | Reached XP level 3. HP: 6/19 MP: 0/10
  1026 | D:2      | Found a glowing silver altar of Zin.
  1026 | D:2      | Found a blossoming altar of Fedhas.
  1028 | D:2      | Found a deep blue altar of Sif Muna.
  1028 | D:2      | Found a stormy altar of Qazlal.
  1028 | D:2      | Found a shadowy altar of Dithmenos.
  1029 | D:2      | Found a sacrificial altar of Ru.
  1029 | D:2      | Found a glowing golden altar of the Shining One.
  1029 | D:2      | Found a bloodstained altar of Trog.
  1043 | D:2      | Became a worshipper of Sif Muna the Loreminder
  1050 | D:2      | Learned a level 3 spell: Ozocubu's Armour
  2439 | D:3      | Reached XP level 4. HP: 22/24 MP: 8/12
  2449 | D:3      | Learned a level 4 spell: Summon Ice Beast
  2594 | D:3      | HP: 1/24 [giant frog skeleton (5)]
  2597 | D:3      | Reached skill level 1 in Charms
  2597 | D:3      | Reached XP level 5. HP: 1/28 MP: 14/14
  3022 | D:3      | Found a glowing golden altar of the Shining One.
  3214 | D:3      | You fall through a shaft for 3 floors!
  3219 | D:6      | Reached skill level 5 in Spellcasting
  3219 | D:6      | Reached skill level 1 in Summonings
  3334 | D:5      | Entered Level 5 of the Dungeon
  3478 | D:4      | Reached XP level 6. HP: 27/32 MP: 11/15
  3548 | D:4      | Got a shimmering mace
  3549 | D:4      | Identified the +7 mace of Painful Death {venom, Str+5 Int+3} (You found it on level 4 of the Dungeon)
  3592 | D:4      | Found a staircase to the Ecumenical Temple.
  3763 | D:4      | You fall through a shaft!
  3868 | D:5      | Reached skill level 5 in Ice Magic
  4152 | D:3      | Reached * piety under Sif Muna
  4527 | D:4      | Found a burning altar of Makhleb.
  4557 | D:4      | Found a shimmering altar of Xom.
  4679 | D:5      | Found an iron altar of Okawaru.
  4833 | D:5      | Found an opulent altar of Gozag.
  4835 | D:5      | Noticed an ogre
  4839 | D:5      | Killed an ogre
  4839 | D:5      | Reached XP level 7. HP: 23/37 MP: 9/17
  4978 | D:6      | Noticed Prince Ribbit
  4994 | D:6      | Killed Prince Ribbit
  4994 | D:6      | Reached skill level 6 in Spellcasting
  5199 | D:6      | Noticed Eustachio
  5219 | D:6      | Killed Eustachio
  5288 | D:6      | Reached ** piety under Sif Muna
  5411 | D:6      | Reached XP level 8. HP: 36/42 MP: 15/20
  5449 | D:6      | Reached skill level 7 in Spellcasting
  6520 | D:7      | Reached skill level 1 in Throwing
  6529 | D:7      | Reached skill level 1 in Fighting
  6551 | D:7      | Reached *** piety under Sif Muna
  6551 | D:7      | Reached skill level 5 in Charms
  6559 | D:7      | Gained mutation: Scrolls take you a little longer to read. [mutagenic meat]
  6560 | D:7      | Gained mutation: Your flesh is cold resistant. [mutagenic meat]
  6561 | D:7      | Gained mutation: You have large cloven feet. [mutagenic meat]
  6562 | D:7      | Lost mutation: Your flesh is cold resistant. [potion of cure mutation]
  6562 | D:7      | Lost mutation: Scrolls take you a little longer to read. [potion of cure mutation]
  6562 | D:7      | Lost mutation: You have large cloven feet. [potion of cure mutation]
  6798 | D:7      | Reached skill level 8 in Spellcasting
  6816 | D:7      | Reached XP level 9. HP: 27/47 MP: 10/23
  7221 | D:8      | Found a sand-covered staircase.
  7226 | Ossuary  | Entered an ossuary
  7698 | Ossuary  | Gained mutation: You possess an exceptional clarity of mind. [potion of beneficial mutation]
  7819 | D:8      | Reached skill level 5 in Conjurations
  7883 | D:7      | Reached skill level 5 in Dodging
  8114 | D:8      | Reached skill level 1 in Shields
  8327 | D:8      | Reached skill level 9 in Spellcasting
  8336 | D:8      | Reached **** piety under Sif Muna
  8750 | D:9      | Found Oquoj's General Store.
  8779 | D:9      | Found a white marble altar of Elyvilon.
  8812 | D:9      | Reached skill level 5 in Summonings
  8943 | D:9      | Found a staircase to the Orcish Mines.
  9248 | D:9      | Found a basalt altar of Yredelemnul.
  9367 | D:9      | Reached skill level 5 in Stealth
  9367 | D:9      | Reached XP level 10. HP: 42/52 MP: 25/25
  9573 | D:9      | Found a staircase to the Lair.
  9712 | D:9      | Reached ***** piety under Sif Muna
  9983 | Lair:1   | Entered Level 1 of the Lair of Beasts
 10426 | Lair:1   | Reached skill level 10 in Spellcasting
 11146 | Lair:1   | Reached skill level 1 in Invocations
 11159 | Lair:1   | Noticed a seven-headed hydra
 11179 | Lair:1   | Killed a seven-headed hydra
 11179 | Lair:1   | Reached ****** piety under Sif Muna
 11469 | Lair:2   | Received a gift from Sif Muna
 11475 | Lair:2   | Identified Sif Muna's Guide on Attacks (Sif Muna gifted it to you on level 2 of the Lair of Beasts)
 11483 | Lair:2   | Learned a level 3 spell: Call Canine Familiar
 11488 | Lair:2   | Learned a level 4 spell: Throw Icicle
 11587 | Lair:2   | Reached XP level 11. HP: 57/57 MP: 22/27
 11607 | Lair:2   | Noticed a black mamba
 11615 | Lair:2   | Killed a black mamba
 11615 | Lair:2   | Reached skill level 11 in Spellcasting
 12240 | Lair:2   | Noticed a fire dragon
 12250 | Lair:2   | Killed a fire dragon
 12634 | Lair:3   | Learned a level 4 spell: Condensation Shield
 13342 | Lair:3   | Noticed Rupert
 13359 | Lair:3   | Paralysed by Rupert for 6 turns
 13371 | Lair:3   | Paralysed by Rupert for 6 turns
 13549 | Lair:3   | Paralysed by Rupert for 3 turns
 13910 | Lair:3   | Noticed a death yak
 13914 | Lair:3   | Noticed a death yak
 13919 | Lair:3   | Noticed a death yak
 14044 | Lair:4   | Reached skill level 12 in Spellcasting
 14205 | Lair:4   | Noticed Harold
 14295 | Lair:4   | Killed Harold
 14797 | Lair:4   | Found a hole to the Spider Nest.
 14871 | Lair:4   | Noticed a six-headed hydra
 14890 | Lair:4   | Killed a six-headed hydra
 14890 | Lair:4   | Received a gift from Sif Muna
 14898 | Lair:4   | Learned a level 5 spell: Iskenderun's Battlesphere
 14900 | Lair:4   | Learned a level 1 spell: Magic Dart
 14904 | Lair:4   | Learned a level 3 spell: Dazzling Spray
 15542 | Lair:5   | Reached skill level 10 in Ice Magic
 15749 | Lair:5   | Noticed a four-headed hydra
 15854 | Lair:5   | Reached XP level 12. HP: 40/62 MP: 6/30
 15977 | Lair:5   | Found a staircase to the Shoals.
 16224 | Lair:5   | Noticed a five-headed hydra
 16235 | Lair:5   | Killed a five-headed hydra
 16235 | Lair:5   | Reached skill level 10 in Charms
 16438 | Lair:5   | Reached skill level 13 in Spellcasting
 16484 | Lair:5   | Killed a four-headed hydra
 16922 | Lair:6   | Got a scorched leather armour
 16933 | Lair:6   | Identified the +1 leather armour of a Hundred Stars {rC+} (You found it on level 6 of the Lair of Beasts)
 17001 | Lair:6   | Noticed Snorg
 17011 | Lair:6   | Killed Snorg
 17043 | Lair:6   | Noticed a five-headed hydra
 17049 | Lair:6   | Killed a five-headed hydra
 17377 | Lair:6   | Received a gift from Sif Muna
 17382 | Lair:6   | Identified Sif Muna's Volume of Hurtful Protection (Sif Muna gifted it to you on level 6 of the Lair of Beasts)
 18169 | Lair:7   | Noticed a five-headed hydra
 18173 | Lair:7   | Killed a five-headed hydra
 18173 | Lair:7   | Reached skill level 14 in Spellcasting
 18303 | Lair:7   | Found a staircase to the Slime Pits.
 18443 | Lair:7   | Upgraded the game from 0.17-a0-2231-gd80ca38 to 0.18-a0-1-gfac8111
 18619 | Lair:7   | Reached XP level 13. HP: 68/68 MP: 19/33
 19208 | Lair:8   | Entered Level 8 of the Lair of Beasts
 19267 | Lair:8   | Reached skill level 1 in Armour
 19749 | Lair:8   | Reached skill level 5 in Invocations
 19793 | Lair:8   | Reached skill level 1 in Hexes
 20112 | Lair:8   | HP: 3/68 [poisoned by a black mamba]
 20119 | Lair:8   | HP: 3/68 [poisoned by a black mamba]
 20127 | Lair:8   | HP: 3/68 [poisoned by a black mamba]
 20471 | Lair:8   | Received a gift from Sif Muna
 20472 | Lair:8   | Identified Sif Muna's Reference Book on Aid (Sif Muna gifted it to you on level 8 of the Lair of Beasts)
 20476 | Lair:8   | Learned a level 2 spell: Swiftness
 20490 | Lair:8   | Reached skill level 15 in Spellcasting
 20719 | Lair:8   | HP: 3/68 [poisoned by a spider]
 20726 | Lair:8   | HP: 3/68 [poisoned by a spider]
 20734 | Lair:8   | HP: 3/68 [poisoned by a spider]
 22473 | Lair:8   | Reached XP level 14. HP: 72/72 MP: 14/35
 23754 | Lair:6   | Learned a level 4 spell: Summon Lightning Spire
 23761 | Lair:6   | Learned a level 6 spell: Freezing Cloud
 23943 | Lair:3   | Paralysed by Rupert for 3 turns
 24035 | Orc:1    | Entered Level 1 of the Orcish Mines
 24345 | Orc:2    | Noticed Nergalle
 24356 | Orc:2    | Killed Nergalle
 24502 | Orc:2    | Reached skill level 1 in Air Magic
 24575 | Orc:2    | Reached skill level 10 in Conjurations
 24708 | Orc:2    | Found a roughly hewn altar of Beogh.
 25018 | Orc:3    | Found a roughly hewn altar of Beogh.
 25402 | Orc:3    | Noticed Urug
 25424 | Orc:3    | Killed Urug
 25424 | Orc:3    | Reached skill level 16 in Spellcasting
 25713 | Orc:3    | Received a gift from Sif Muna
 25714 | Orc:3    | Identified Bukhileg's Almanac of Excruciating Snow (Sif Muna gifted it to you on level 3 of the Orcish Mines)
 26897 | Orc:1    | Upgraded the game from 0.18-a0-1-gfac8111 to 0.18-a0-5-gf1fb587
 28242 | Lair:1   | Learned a level 3 spell: Summon Guardian Golem
 28365 | Lair:3   | Killed Rupert
 28480 | Orc:4    | Entered Level 4 of the Orcish Mines
 28480 | Orc:4    | Found a staircase to the Elven Halls.
 28641 | Orc:4    | Noticed Azrael
 28648 | Orc:4    | Killed Azrael
 29208 | Orc:4    | Noticed youngkai's ghost (journeyman MiBe)
 30424 | Orc:4    | Found Joevvepy's Jewellery Shop.
 30424 | Orc:4    | Found Awnemmeu's General Store.
 30424 | Orc:4    | Found Ichulel's General Store.
 30424 | Orc:4    | Found Godghugg's Armour Boutique.
 30436 | Orc:4    | Reached skill level 17 in Spellcasting
 30447 | Orc:4    | Bought a +1 buckler of protection for 181 gold pieces
 30454 | Orc:4    | Bought an uncursed ring of magical power for 320 gold pieces
 30454 | Orc:4    | Bought a +4 ring of evasion for 576 gold pieces
 30810 | Orc:4    | Killed youngkai's ghost
 31294 | Spider:1 | Entered Level 1 of the Spider Nest
 31355 | Spider:1 | Received a gift from Sif Muna
 31359 | Spider:1 | Identified Sif Muna's Catalogue of Summoning and the Oath (Sif Muna gifted it to you on level 1 of the Spider Nest)
 31431 | Spider:1 | Noticed emiel's ghost (journeyman DsWz)
 31460 | Spider:1 | Killed emiel's ghost
 32388 | Spider:1 | Reached XP level 15. HP: 75/77 MP: 31/38
 34264 | Spider:2 | Learned a level 1 spell: Summon Butterflies
 35043 | Spider:2 | Received a gift from Sif Muna
 35053 | Spider:2 | Reached skill level 18 in Spellcasting
 35056 | Spider:2 | Reached skill level 10 in Summonings
 35066 | Spider:2 | Found a roughly hewn altar of Beogh.
 35089 | Spider:2 | Identified Sif Muna's Catalogue of Creation and Self-Knowledge (Sif Muna gifted it to you on level 2 of the Spider Nest)
 37266 | Spider:4 | Entered Level 4 of the Spider Nest
 37290 | Spider:4 | Found a frozen archway.
 37370 | IceCv    | Entered an ice cave
 37505 | IceCv    | Gained mutation: You have a somewhat thin skeletal structure (Dex +2, Stealth). [mutagenic meat]
 37768 | IceCv    | Learned a level 6 spell: Deflect Missiles
 38484 | IceCv    | Noticed an Ice Fiend
 38588 | IceCv    | Reached XP level 16. HP: 59/83 MP: 14/40
 38821 | IceCv    | Received a gift from Sif Muna
 39159 | IceCv    | Identified Sif Muna's Incunabulum of the Fetching Escort (Sif Muna gifted it to you in an ice cave)
 39167 | IceCv    | Learned a level 7 spell: Monstrous Menagerie
 39857 | IceCv    | Killed an Ice Fiend
 39857 | IceCv    | Reached skill level 19 in Spellcasting
 40875 | Spider:4 | Learned a level 2 spell: Shroud of Golubria
 40991 | Spider:4 | Noticed cireshan's ghost (adept DECj)
 41007 | Spider:4 | Killed cireshan's ghost
 41265 | Spider:4 | Got a glittering copper ring
 41266 | Spider:4 | Identified the ring of Qaera {Dex+3 Stlth-} (You found it on level 4 of the Spider Nest)
 41799 | Spider:4 | Reached skill level 1 in Translocations
 44637 | Spider:4 | Reached skill level 5 in Hexes
 44690 | Spider:4 | Got a gossamer rune of Zot
 44953 | Lair:5   | Received a gift from Sif Muna
 44954 | Lair:5   | Identified Sif Muna's Almanac of Enhancements and Arcane Weapons (Sif Muna gifted it to you on level 5 of the Lair of Beasts)
 44989 | Shoals:1 | Entered Level 1 of the Shoals
 45945 | Shoals:2 | Noticed Aizul
 45958 | Shoals:2 | Killed Aizul
 46159 | Shoals:2 | Found a radiant altar of Vehumet.
 46219 | Shoals:2 | Noticed Nikola
 46704 | Lair:3   | Killed a death yak
 46710 | Lair:3   | Killed a death yak
 46809 | Orc:4    | Bought the +4 ring mail of Roasum {rElec rF+} for 765 gold pieces
 47234 | Shoals:2 | Killed Nikola
 47548 | Shoals:2 | Reached XP level 17. HP: 85/88 MP: 39/42
 47615 | Shoals:2 | Reached skill level 20 in Spellcasting
 48157 | Shoals:3 | Received a gift from Sif Muna
 48167 | Shoals:3 | Identified Zooviary's Tome of the Birds (Sif Muna gifted it to you on level 3 of the Shoals)
 48172 | Shoals:3 | Learned a level 3 spell: Mephitic Cloud
 48452 | Shoals:3 | Got an ancient robe
 48463 | Shoals:3 | Identified the +1 robe of Shadows and Fog {+Fly rC+ Regen+} (You found it on level 3 of the Shoals)
 48865 | Shoals:4 | Entered Level 4 of the Shoals
 49117 | Shoals:4 | Reached skill level 5 in Translocations
 49189 | Shoals:4 | Noticed Ilsuiw
 49206 | Shoals:4 | Killed Ilsuiw
 49313 | Shoals:4 | Found Tyipna's Armour Shoppe.
 49486 | Shoals:4 | Identified Sif Muna's Guide on Scorching Confrontation
 50168 | Shoals:4 | Got a barnacled rune of Zot
 50585 | Lair:3   | Killed a death yak
 50691 | Orc:4    | Bought an uncursed amulet of warding for 240 gold pieces
 50824 | Elf:1    | Entered Level 1 of the Elven Halls
 50842 | Elf:1    | Received a gift from Sif Muna
 51413 | Elf:1    | Identified Xeniriz's Reference Book on Gliding Conjuration (Sif Muna gifted it to you on level 1 of the Elven Halls)
 51421 | Elf:1    | Reached skill level 10 in Dodging
 51482 | Elf:1    | Noticed Roxanne
 51823 | Elf:1    | Reached skill level 21 in Spellcasting
 52635 | Elf:2    | Reached skill level 5 in Air Magic
 52863 | Elf:2    | Reached XP level 18. HP: 92/92 MP: 32/45
 53029 | Elf:2    | Found a runed door.
 53051 | Elf:2    | Found a runed door.
 53267 | Elf:2    | Received a gift from Sif Muna
 53275 | Elf:2    | Identified Naodwur's Collected Works on Lightness and Confrontation (Sif Muna gifted it to you on level 2 of the Elven Halls)
 53281 | Elf:2    | Learned a level 4 spell: Airstrike
 54619 | Elf:2    | Upgraded the game from 0.18-a0-5-gf1fb587 to 0.18-a0-19-g8b99b3a
 54692 | Elf:3    | Entered Level 3 of the Elven Halls
 54722 | Elf:3    | Found a magical portal.
 54753 | WizLab   | Entered The Hall of Tump the Hellbinder
 55138 | Elf:3    | Identified the Catalogue of the Forsaken Orbs
 55198 | Elf:3    | Noticed Louise
 55210 | Elf:3    | Killed Louise
 56051 | Elf:3    | Received a gift from Sif Muna
 56051 | Elf:3    | Reached skill level 22 in Spellcasting
 56693 | Elf:3    | Reached skill level 15 in Conjurations
 56832 | Elf:3    | Got a twitching platinum ring
 56835 | Elf:3    | Identified the ring "Ysaozien" {rC+ Str+2} (You took it off a deep elf demonologist on level 3 of the Elven Halls)
 57467 | Elf:3    | Got a translucent quarterstaff {venom}
 57469 | Elf:3    | Got a distressingly furry robe
 57470 | Elf:3    | Identified the +2 robe "Yjoazie" {rPois MR+} (You took it off a deep elf fighter on level 3 of the Elven Halls)
 57534 | Elf:3    | Got a pair of heavily runed boots
 57545 | Elf:3    | Identified the +1 pair of boots of Renetagh {rF- MP+9 Str+4 SInv} (You found it on level 3 of the Elven Halls)
 57566 | Elf:3    | Identified Xouqanag's Grimoire of Attacks
 57576 | Elf:3    | Identified Cigotuvi's Grimoire of Unholy Changing
 57640 | Elf:3    | Learned a level 1 spell: Animate Skeleton
 57772 | Elf:1    | Killed Roxanne
 58099 | D:10     | Entered Level 10 of the Dungeon
 58211 | D:10     | Gained mutation: You have a pair of small antennae on your head. [potion of beneficial mutation]
 58393 | Elf:3    | Got a translucent dagger
 58394 | Elf:3    | Identified the +4 dagger of Crusades {pierce, MP+9} (You found it on level 3 of the Elven Halls)
 58424 | Elf:3    | Reached XP level 19. HP: 97/97 MP: 33/47
 58546 | Orc:4    | Bought a scroll of magic mapping for 59 gold pieces
 59054 | D:10     | Found a blossoming altar of Fedhas.
 59245 | D:11     | Got an ichor-stained cloak
 59262 | D:11     | Identified the +1 cloak of Dawn {SInv} (You found it on level 11 of the Dungeon)
 59374 | D:11     | Found a stormy altar of Qazlal.
 59547 | D:11     | Got a jewelled short sword
 59556 | D:11     | Identified the cursed +3 short sword "Omelette" {venom, rPois} (You found it on level 11 of the Dungeon)
 59684 | D:12     | Found a labyrinth entrance.
 59705 | Lab      | Entered a labyrinth
 59825 | Lab      | Got a slimy scimitar
 59826 | Lab      | Lost strength.
 59826 | Lab      | Identified the +5 scimitar of the Candle {flame, *Drain rN+ Str-5 SInv} (You found it in a labyrinth)
 59872 | Lab      | Got a blackened ring mail
 59878 | Lab      | Identified the +5 ring mail "Riom" {MR++ Str-2 Int+4} (You found it in a labyrinth)
 60023 | D:12     | Noticed Sonja
 60028 | D:12     | Killed Sonja
 61954 | D:14     | Reached skill level 23 in Spellcasting
 61960 | D:14     | Received a gift from Sif Muna
 61962 | D:14     | Identified Sif Muna's Guide on Confrontation and Good Luck (Sif Muna gifted it to you on level 14 of the Dungeon)
 62339 | D:14     | Found a bloodstained altar of Trog.
 62929 | D:14     | Got a pair of shimmering gloves
 62940 | D:14     | Identified the +1 pair of gloves "Xykkyck" {+Inv} (You found it on level 14 of the Dungeon)
 62966 | D:14     | Found a gate to the Vaults.
 63151 | Vaults:1 | Entered Level 1 of the Vaults
 63151 | Vaults:1 | Noticed Saint Roka
 63380 | D:14     | Killed Saint Roka
 65001 | Vaults:1 | Received a gift from Sif Muna
 65002 | Vaults:1 | Identified Cerebov's Catalogue of Arcane Weapons (Sif Muna gifted it to you on level 1 of the Vaults)
 65143 | D:14     | HP: 3/97 [poisoned by a redback]
 65462 | D:14     | Upgraded the game from 0.18-a0-19-g8b99b3a to 0.18-a0-23-g19353e1
 65779 | Vaults:1 | Upgraded the game from 0.18-a0-23-g19353e1 to 0.18-a0-24-g6e14259
 66447 | Vaults:1 | Upgraded the game from 0.18-a0-24-g6e14259 to 0.18-a0-29-gce27f3c
 66775 | Vaults:2 | Reached skill level 1 in Necromancy
 66789 | Vaults:2 | Upgraded the game from 0.18-a0-29-gce27f3c to 0.18-a0-46-g45ca8e4
 66995 | Vaults:2 | Found Lase's Gadget Emporium.
 67122 | Vaults:2 | Reached XP level 20. HP: 103/103 MP: 23/49
 67560 | Vaults:2 | Found a staircase to the Crypt.
 67653 | Vaults:2 | Received a gift from Sif Muna
 67664 | Vaults:2 | Reached skill level 24 in Spellcasting
 67695 | Vaults:2 | Identified Sif Muna's Disquisition on Malediction and Good Luck (Sif Muna gifted it to you on level 2 of the Vaults)
 68164 | Vaults:2 | Reached skill level 1 in Long Blades
 68929 | Elf:3    | Learned a level 4 spell: Animate Dead
 68934 | Elf:3    | Learned a level 4 spell: Control Undead
 69339 | Crypt:1  | Entered Level 1 of the Crypt
 70146 | Crypt:1  | Noticed Mara
 70154 | Crypt:1  | Noticed nubinia's illusion
 70206 | Vaults:2 | Upgraded the game from 0.18-a0-46-g45ca8e4 to 0.18-a0-750-g37044d6
 70359 | Crypt:1  | Noticed nubinia's illusion
 70381 | Crypt:1  | Noticed nubinia's illusion
 70760 | Vaults:3 | Upgraded the game from 0.18-a0-750-g37044d6 to 0.18-a0-884-gb6cfd45
 70760 | Vaults:3 | Upgraded the game from 0.18-a0-884-gb6cfd45 to 0.18-a0-943-g2c08dd4
 71049 | Vaults:3 | Found Somit's Book Shoppe.
 71238 | Vaults:3 | Noticed Wiglaf
 71243 | Vaults:3 | Killed Wiglaf
 71362 | Vaults:3 | Found Ezxij's Food Emporium.
 71404 | Vaults:3 | Upgraded the game from 0.18-a0-943-g2c08dd4 to 0.18-a0-1014-g3bbf375
 71404 | Vaults:3 | Quit the game

Vault maps used:
D:1:      minmay_arrival_plants_in_alcoves, minmay_misc_feat_hallway
D:2:      grunt_temple_overflow_open, first_bread, kennysheep_generic_room_8
D:3:      tso_altar
D:4:      lightli_temple_of_fire, minmay_temple_entry_poolview, st_stairs_10,
          xom_confusion_cloud
D:5:      lemuel_doored_altar, okawaru_trees_2
D:6:      uniq_eustachio, uniq_prince_ribbit1
D:7:      grunt_livestock, kennysheep_boxes
D:8:      enter_ossuary_5, minmay_misc_feat_plants, nrook_pool_corridor
D:9:      kennysheep_ying_yang, lair_0_dummy, david_orc_2, serial_shops, shop,
          hangedman_corner_corridor
D:10:     fedhas_altar_1
D:11:     grunt_ministairs_3, nicolae_qazlal_general_emergency
D:12:     lab_entry_generic, einodemon_armed_red_devil_minivault, uniq_sonja
D:14:     david_vaults_2, trog_ov_bears_minmay
Lair:2:   dragon1_lemuel
Lair:3:   grunt_forest_small_clearing_treed, uniq_rupert
Lair:4:   spider_nest_entry_funnel_web, grunt_forest_small_clearings,
          uniq_harold
Lair:5:   elwin_shoals_entry_stream
Lair:6:   grunt_megastairs_3, lemuel_fruit_tree, uniq_snorg
Lair:7:   minmay_slime_entry_pillars, beast_lair_carwin_2
Lair:8:   hangedman_lair_tendril_chambers, guppyfry_lair_end_dragon
Shoals:2: lemuel_oklob_altar, uniq_nikola, uniq_aizul
Shoals:4: serial_shops, nicolae_shop_crystal, shoals_end_simple, shoal_ilsuiw
Spider:1: minmay_another_anthill, hangedman_spider_tarantella_strand
Spider:2: nicolae_spider_mines_2
Spider:3: nicolae_spider_cling_ruins, nicolae_spider_cling_halls
Spider:4: grunt_spider_rune_circles, portal_ice_cave_entry_imps,
          hangedman_spider_mandibles
Orc:2:    nicolae_orc_accident_2, uniq_nergalle
Orc:3:    nicolae_orc_pool_cavern, mines2_david, uniq_urug
Orc:4:    st_orc_ogre_mass, uniq_azrael
Elf:1:    eino_elf_arrival_the_gate, kennysheep_underground_church,
          st_stairs_11, minivault_14, uniq_roxanne
Elf:3:    minmay_elf_hall_circle, mu_enter_wizlab_5, uniq_louise
Vaults:1: v_rooms_1, ontoclasm_vaults_spin, vaults_standard_mumra_x,
          v_pattern_2, nicolae_vaults_angled_halls, vaults_room_boxed,
          nicolae_vaults_little_squares_5, vaults_room_hallway,
          vaults_dpeg_hooks, ontoclasm_vaults_loading_screen,
          vaults_room_grunt_arrival_ludios, vaults_dpeg_encased_lava,
          vaults_dpeg_ring, uniq_saint_roka
Vaults:2: v_misc_2, hangedman_vaults_locks, v_misc_32, v_alt_pattern_2,
          vaults_room_pools, ontoclasm_vaults_fault, vaults_room_corners,
          hangedman_vaults_trim, vaults_room_stairs_pillars,
          vaults_room_door_ring, minmay_crypt_entry_simple_walls, serial_shops,
          shop
Vaults:3: v_misc_8, ontoclasm_vaults_tryst, v_misc_28, v_misc_24,
          nicolae_vaults_gold_heap, nicolae_vaults_shelves_hall,
          nicolae_vaults_theta, v_misc_27, v_misc_5, serial_shops, shop, shop,
          nicolae_shop_statue_plus, nicolae_shop_stone,
          nicolae_shop_temple_entry_statues_fountains, uniq_wiglaf
Crypt:1:  minigarden_bobbens, uniq_mara
Ossuary:  ossuary_tomb_1
IceCv:    ice_cave_caverns_03
WizLab:   wizlab_demon

Action                   |  1- 3 |  4- 6 |  7- 9 | 10-12 | 13-15 | 16-18 | 19-21 || total
-------------------------+-------+-------+-------+-------+-------+-------+-------++-------
Melee: Dagger            |    39 |    42 |       |       |       |       |       ||    81
       Mace              |       |    39 |   308 |   294 |   540 |   149 |    31 ||  1361
       Halberd           |       |       |       |       |     3 |       |       ||     3
       Long sword        |       |       |       |       |       |    22 |   304 ||   326
 Fire: Blowgun           |       |       |    32 |    57 |    20 |     8 |     1 ||   118
Throw: Stone             |       |    12 |   112 |    17 |       |       |       ||   141
 Cast: Freeze            |    49 |    29 |    18 |    44 |    11 |       |       ||   151
       Throw Frost       |     9 |     2 |    38 |    49 |    39 |     3 |     1 ||   141
       Ozocubu's Armour  |     3 |     4 |    38 |    55 |    49 |    57 |    10 ||   216
       Summon Ice Beast  |       |       |     8 |   118 |   121 |    23 |       ||   270
       Call Canine Famil |       |       |       |    26 |    61 |    48 |     2 ||   137
       Condensation Shie |       |       |       |    23 |    35 |       |       ||    58
       Throw Icicle      |       |       |       |     3 |       |       |       ||     3
       Magic Dart        |       |       |       |   109 |   729 |   717 |   583 ||  2138
       Iskenderun's Batt |       |       |       |    29 |   229 |   255 |   165 ||   678
       Dazzling Spray    |       |       |       |     5 |   214 |   437 |   158 ||   814
       Swiftness         |       |       |       |       |     4 |     5 |     3 ||    12
       Summon Lightning  |       |       |       |       |    31 |    99 |    52 ||   182
       Summon Guardian G |       |       |       |       |     7 |     1 |     1 ||     9
       Freezing Cloud    |       |       |       |       |     7 |    27 |    24 ||    58
       Deflect Missiles  |       |       |       |       |     1 |     4 |     3 ||     8
       Shroud of Golubri |       |       |       |       |       |    37 |    16 ||    53
       Summon Butterflie |       |       |       |       |       |     8 |       ||     8
       Monstrous Menager |       |       |       |       |       |    22 |    11 ||    33
       Mephitic Cloud    |       |       |       |       |       |    25 |    40 ||    65
       Airstrike         |       |       |       |       |       |     4 |   138 ||   142
       Animate Skeleton  |       |       |       |       |       |       |    67 ||    67
       Control Undead    |       |       |       |       |       |       |     5 ||     5
       Animate Dead      |       |       |       |       |       |       |     3 ||     3
Invok: Channel Energy    |       |       |     6 |   175 |   260 |   221 |    35 ||   697
 Abil: Evoke Teleportati |       |       |       |     1 |       |     1 |       ||     2
       Evoke Flight      |       |       |       |       |       |     5 |       ||     5
Evoke: Wand              |       |       |       |     2 |    15 |     2 |       ||    19
       Sack of spiders   |       |       |       |       |     2 |       |       ||     2
       Fan of gales      |       |       |       |       |       |     2 |     1 ||     3
       Stone of tremors  |       |       |       |       |       |       |     1 ||     1
  Use: Scroll            |     5 |       |    13 |    14 |    11 |    18 |     8 ||    69
       Potion            |       |       |     7 |     1 |     5 |     7 |     1 ||    21
 Stab: Sleeping          |     3 |     5 |    14 |    28 |     9 |     2 |     9 ||    70
       Distracted        |       |       |     3 |     6 |     8 |     3 |     8 ||    28
       Betrayed ally     |       |       |       |     1 |       |       |       ||     1
       Invisible         |       |       |       |     1 |    12 |    14 |    11 ||    38
       Petrified         |       |       |       |       |     1 |       |       ||     1
       Confused          |       |       |       |       |       |     1 |    14 ||    15
  Eat: Chunk             |     5 |     7 |    20 |    52 |    95 |    80 |    38 ||   297
       Royal jelly       |       |       |       |     1 |     2 |       |       ||     3
       Fruit             |       |       |       |     2 |     5 |    12 |       ||    19
       Beef jerky        |       |       |       |     1 |     1 |     3 |       ||     5
       Meat ration       |       |       |       |       |       |     1 |       ||     1
       Bread ration      |       |       |       |       |       |       |     2 ||     2
